AoeStats
← BlackSpaceCZ

Hideout

508016318Analyzed
1v1 RM · 12d ago on Sep 20, 2026· 64m 49s· 2 players
Game mode
Random Map
Map size
Tiny (2 player)
Population
200
Speed
Normal
Resources
Standard
Victory
Conquest
Starting age
Dark Age
Ending age
Imperial Age
RankedLock teamsTeams togetherTeam positionsShared explorationLock speedFull tech treeHidden civsTurbo modeCheats
Victory
Defeat
🇨🇿 Celts · Czechia
362
+15
🇩🇪 Franks · Germany
347
-15
arONE3585
13:37 Feudal Age
15:07 Double-Bit Axe
15:49 Loom
16:31 Gold Mining
19:25 Castle Age
18:31 Stone Mining
23:03 Crossbowman
25:48 Gold Shaft Mining
28:01 Forging
27:52 Scale Mail Armor
27:57 Scale Barding Armor
27:44 Fletching
27:54 Padded Archer Armor
31:41 Wheelbarrow
30:55 Town Watch
32:30 Husbandry
31:51 Light Cavalry
33:49 Chain Barding Armor
34:13 Hand Cart
35:12 Town Patrol
36:30 Chain Mail Armor
36:51 Iron Casting
46:57 Imperial Age
44:54 #83
45:15 Bodkin Arrow
45:35 Leather Archer Armor
47:05 Elite Throwing Axeman
48:20 Hoardings
48:06 Conscription
47:47 Chivalry
48:43 Cavalier
54:29 Plate Barding Armor
63:20 Capped Ram
BlackSpaceCZ
4:27 Loom
13:31 Feudal Age
17:51 Castle Age
16:23 Double-Bit Axe
16:22 Horse Collar
17:07 Gold Mining
17:29 Stone Mining
31:53 Imperial Age
32:00 Cavalier
32:40 Husbandry
34:25 Heavy Plow
34:41 Bow Saw
35:12 Gold Shaft Mining
35:13 Stone Shaft Mining
37:12 Paladin
38:06 Forging
40:21 Iron Casting
39:47 Scale Mail Armor
40:42 Scale Barding Armor
43:28 Blast Furnace
42:44 Chain Mail Armor
42:49 Chain Barding Armor
44:20 Town Watch
45:10 Wheelbarrow
48:29 Plate Mail Armor
48:15 Pikeman
48:40 Arson
48:38 Capped Ram
49:46 Siege Ram
53:34 Fortified Wall
54:58 Town Patrol
55:13 Hand Cart
Connection lost

Rejoining the realm…

Still unreachable

The connection could not be restored.

Session expired

The server has moved on; the page needs a fresh start.